 Dungeon Crawl Stone Soup version 0.28-a0-1524-ge72afd5fc6 (webtiles) character file.

Game seed: 5417587504140822112

113554 fragbeetle the Martial Artist (level 16, -4/178 HPs)
             Began as a Black Draconian Transmuter on Jan 17, 2022.
             Was an Initiate of Gozag.
             Killed from afar by a deep elf knight (30 damage)
             ... with a shard of ice
             ... on level 2 of the Orcish Mines on Jan 18, 2022.
             The game lasted 01:55:49 (35311 turns).

fragbeetle the Martial Artist (DrTm)               Turns: 35311, Time: 01:55:51

Health: -4/178     AC: 24    Str: 12    XL:     16   Next: 14%
Magic:  6/26       EV: 17    Int: 14    God:    Gozag
Gold:   568        SH:  0    Dex: 17    Spells: 0/29 levels left

rFire   + . .      SeeInvis .     - Unarmed
rCold   + + +      Faith    .   (no shield)
rNeg    + . .      Spirit   .   (armour unavailable)
rPois   ∞          Reflect  .   (helmet restricted)
rElec   +          Harm     .   P - scarf {rC+ rF+}
rCorr   .          Rampage  .   (gloves currently unavailable)
Will    ++++.                   (boots currently unavailable)
Stlth   ++++......              T - amulet of the acrobat
HPRegen 0.39/turn               O - ring of wizardry
MPRegen 0.20/turn               U - ring "Riatteell" {Fly rC++ Will+++ Str-3 Stlth+}

@: about to teleport, statue-form (expiring), flying, studying Axes, very slow
A: slow and powerful, torment resistance 1, flying, boosted hp, (breathe
lightning), AC +9, unfitting armour, big wings, electricity resistance,
cold-blooded
a: End Transformation, Renounce Religion, Potion Petition, Call Merchant, Bribe
Branch


You were on level 2 of the Orcish Mines.
You worshipped Gozag.
Gozag was pleased with you.
You were a living statue of rough stone.
You visited 5 branches of the dungeon, and saw 25 of its levels.
You visited the Abyss 2 times.
You also visited: Volcano.

You collected 8538 gold pieces.
You spent 3689 gold pieces at shops.
You paid 4281 gold pieces to Gozag.

Inventory:

Hand Weapons
 a - a +5 long sword of distortion
 J - a +2 hunting sling of flaming
Missiles
 b - 60 poisoned darts
 j - 227 sling bullets
 w - 4 curare-tipped darts
 F - 3 boomerangs of dispersal
Armour
 N - the +0 pair of gloves of the Cicada (melded) {rPois Int+3}
   (You bought it in a shop on level 1 of the Orcish Mines)

   Int:       It affects your intelligence (+3).
   rPois:     It protects you from poison.
 P - a scarf of resistance (worn)
Jewellery
 c - a +4 ring of protection
 e - the ring "Wunoz" {rCorr Dex+6 Stlth+}
   (You acquired it on level 5 of the Lair of Beasts)

   [ring of dexterity]

   Dex:       It affects your dexterity (+6).
   rCorr:     It protects you from acid and corrosion.
   Stlth:     It makes you more stealthy.
 t - a +4 ring of evasion
 B - an amulet of regeneration
 O - a ring of wizardry (left fist)
 R - a +4 ring of protection
 T - an amulet of the acrobat (around neck)
 U - the ring "Riatteell" (right fist) {Fly rC++ Will+++ Str-3 Stlth+}
   (You found it on level 15 of the Dungeon)

   [ring of flight]

   Str:       It affects your strength (-3).
   rC:        It greatly protects you from cold.
   Fly:       It grants you flight.
   Will:      It greatly increases your willpower.
   Stlth:     It makes you more stealthy.
Wands
 A - a wand of acid (4)
 C - a wand of polymorph (5)
 D - a wand of charming (12)
 E - a wand of digging (7)
 G - a wand of paralysis (3)
 M - a wand of flame (26)
 S - a wand of iceblast (5)
Scrolls
 d - 5 scrolls of fog
 f - 3 scrolls of holy word
 g - 2 scrolls of teleportation
 k - 5 scrolls of fear
 m - 4 scrolls of enchant armour
 o - a scroll of torment
 p - 6 scrolls of enchant weapon
 q - 5 scrolls of amnesia
 u - 6 scrolls of magic mapping
 x - 3 scrolls of immolation
 y - 5 scrolls of blinking
 K - 2 scrolls of brand weapon
 L - 2 scrolls of summoning
Potions
 h - a potion of magic
 l - 2 potions of brilliance
 n - a potion of heal wounds
 r - 5 potions of lignification
 s - 5 potions of might
 v - a potion of resistance
 z - 4 potions of curing
 H - a potion of mutation


   Skills:
 + Level 11.1 Fighting
 + Level 9.4 Dodging
 - Level 5.0 Stealth
 * Level 14.3 Unarmed Combat
 - Level 7.2 Spellcasting
 * Level 4.1 Translocations
 + Level 11.7 Transmutations
 - Level 8.5 Ice Magic
 + Level 12.3 Air Magic
 - Level 7.0 Earth Magic
 - Level 5.0 Poison Magic


You couldn't memorise any spells.
You knew the following spells:

 Your Spells              Type           Power      Damage    Failure   Level
a - Manifold Assault      Tloc           16%        N/A       28%         5
b - Statue Form           Tmut/Erth      20%        N/A       19%         6
c - Dragon Form           Tmut           18%        N/A       34%         7
d - Mephitic Cloud        Conj/Pois/Air  21%        N/A       1%          3
e - Passwall              Tmut/Erth      25%        N/A       1%          2
f - Freezing Cloud        Conj/Ice/Air   12%        6-21      9%          5
g - Apportation           Tloc           32%        N/A       1%          1

Your spell library contained the following spells:

 Spells                   Type           Power      Damage    Failure   Level
 Beastly Appendage        Tmut           74%        N/A       1%          1
 Sandblast                Erth           48%        2d12      1%          1
 Blink                    Tloc           32%        N/A       1%          2
 Corpse Rot               Necr/Air       44%        N/A       1%          2
 Poisonous Vapours        Pois/Air       58%        N/A       1%          2
 Static Discharge         Conj/Air       22%        N/A       1%          2
 Wereblood                Tmut           37%        N/A       1%          2
 Ignite Poison            Fire/Tmut/Pois 20%        N/A       1%          3
 Spider Form              Tmut/Pois      28%        N/A       1%          3
 Swiftness                Air            39%        N/A       1%          3
 Airstrike                Air            19%        N/A       1%          4
 Ice Form                 Ice/Tmut       33%        N/A       1%          4
 Petrify                  Tmut/Erth      31%        N/A       1%          4
 Stone Arrow              Conj/Erth      28%        3d8       4%          3
 Summon Lightning Spire   Summ/Air       22%        N/A       4%          4
 Animate Skeleton         Necr           10%        N/A       6%          1
 Slow                     Hex            20%        N/A       6%          1
 Summon Small Mammal      Summ           20%        N/A       6%          1
 Scorch                   Fire           10%        2d6       9%          2
 Hailstorm                Conj/Ice       16%        3d6       10%         4
 Lightning Bolt           Conj/Air       11%        1d24      12%         5
 Irradiate                Conj/Tmut      10%        3d17      14%         5
 Call Canine Familiar     Summ           5%         N/A       16%         3
 Confusing Touch          Hex            5%         N/A       16%         3
 Summon Guardian Golem    Hex/Summ       5%         N/A       16%         3
 Vampiric Draining        Necr           5%         2d6       16%         3
 Iskenderun's Mystic Bla  Conj/Tloc      10%        2d4       24%         4
 Metabolic Englaciation   Hex/Ice        8%         N/A       26%         5
 Storm Form               Tmut/Air       19%        N/A       32%         7
 Cause Fear               Hex            2%         N/A       45%         4
 Flame Wave               Conj/Fire      5%         2d4       45%         4
 Fireball                 Conj/Fire      2%         3d4       80%         5
 Dispersal                Tloc           8%         N/A       82%         6
 Maxwell's Capacitive Co  Air            19%        ∞         90%         8
 Summon Cactus Giant      Summ           2%         N/A       100%        6
 Dragon's Call            Summ           2%         N/A       100%        9


Dungeon Overview and Level Annotations

Branches:
Dungeon (15/15)            Temple (1/1) D:6            Lair (6/6) D:11
  Swamp (0/4) Lair:4       Spider (0/4) Lair:2        Slime (0/5) Lair:6
    Orc (2/2) D:11            Elf (1/3) Orc:2        Vaults (0/5) D:14
 Depths (0/4) D:15        Volcano (visited)

Altars:
Ashenzari
Cheibriados
Dithmenos
Elyvilon
Fedhas
Gozag
Hepliaklqana
Kikubaaqudgha
Makhleb
Nemelex Xobeh
Okawaru
Qazlal
Ru
Sif Muna
Trog
Uskayaw
Vehumet
Wu Jian
Xom
Yredelemnul
Zin
The Shining One
Beogh

Shops:
D:1 [   D:2 ?   D:5 *   D:8 ?   D:9 ?   Orc:1 [   Orc:2 [*(=   Lair:1 *[:*:

Portals:
Abyss: D:4

Annotations:
D:4 2 transporters, Xenoroth's ghost, novice MfIE
Lair:6 exclusion: obsidian statue


Innate Abilities, Weirdness & Mutations

You are a living statue of rough stone.
Your actions are slow, but your melee attacks are powerful.
You are resistant to unholy torment.
You are flying.
Your maximum health is greatly increased.
You are immune to poison.
Your equipment is partially melded.
((You can breathe wild blasts of lightning.))
((Your glossy black scales are hard. (AC +9)))
You cannot fit into any form of body armour.
Your large and strong wings let you fly.
You are resistant to electric shocks. (rElec)
You are cold-blooded and may be slowed by cold attacks.


Message History

You hear some strange, mumbled words.
A shard of ice appears from out of thin air!
The shard of ice misses you.
You hear some strange, mumbled words.
A shard of ice appears from out of thin air!
The shard of ice misses you. Something hits you but does no damage.
You closely miss something.
Your tail-slap misses something.
You punch something. Something hits you but does no damage.
You hear some strange, mumbled words.
A lance of force appears from out of thin air!
The lance of force misses you. Something hits you but does no damage.
You closely miss something. Something completely misses you.
Something hits you.
* * * LOW HITPOINT WARNING * * *
You hear some strange, mumbled words.
A lance of force appears from out of thin air!
The lance of force misses you.
Your magical contamination has completely faded away.
You miss something.
You hear some strange, mumbled words.
A lance of force appears from out of thin air!
The lance of force hits you!
* * * LOW HITPOINT WARNING * * *
You are knocked back by the lance of force.
You slam into the rock wall!
You hear some strange, mumbled words.
A shard of ice appears from out of thin air!
The shard of ice hits you. You partially resist.
* * * LOW HITPOINT WARNING * * *
You hear some strange, mumbled words.
A shard of ice appears from out of thin air!
The shard of ice misses you. Something hits you.
* * * LOW HITPOINT WARNING * * *
As you read the scroll of teleportation, it crumbles to dust.
You feel strangely unstable. Something hits you but does no damage.
You hear some strange, mumbled words.
A shard of ice appears from out of thin air!
The shard of ice hits you!! You partially resist.
You die...
Your body crumbles into a pile of gold.

##.#).......#
##..#.......##
##.#.........###
####......#.##.### #
##.#....#.....## #
####..........#
#####.###..#.#....#
##.#...#......##{.##
##.##.###.##...#8..#
##.....#.##.#.###{.##
##...........## #...#
###.##.#.##.#.###..##
###..)..##...#....##
##.......#...###....####
#..[.........####..###.##
###...)........#....##...##
# #....[..................#


There were no monsters in sight!

Vanquished Creatures
  A Hell Sentinel (Abyss:4)
  A lich (Abyss:5)
  An Executioner (Abyss:4)
  4 tentacled starspawn
  Kirke (D:13)
  A ghost moth (Abyss:5)
  An angel (Abyss:4)
  An orc warlord (Orc:2)
  A draconian stormcaller (Abyss:5)
  A very ugly thing (Abyss:2)
  2 dire elephants (Lair:6)
  Snorg (D:10)
  Josephine (Lair:4)
  A fire dragon (D:15)
  A rakshasa (Abyss:2)
  An ice dragon (D:15)
  Erolcha (D:13)
  2 boulder beetles
  11 hydras
  An ogre mage (D:15)
  8 centaur warriors
  2 catoblepae
  A two-headed ogre (shapeshifter) (D:12)
  9 two-headed ogres
  Urug (Lair:4)
  10 death yaks
  4 orc high priests (Orc:2)
  A wretched star (Abyss:5)
  Sonja (Lair:4)
  3 skeletal warriors (D:12)
  A spectral death yak (Lair:6)
  2 large abominations (Abyss:5)
  A glowing orange brain (Abyss:2)
  An orb spider (Lair:2)
  3 orc knights (Orc:2)
  A necromancer (Lair:6)
  5 orc sorcerers
  A wolf spider (D:12)
  5 deep elf pyromancers
  3 ugly things (D:15)
  A manticore (shapeshifter) (D:13)
  4 manticores
  6 cyclopes
  22 elephants
  A centaur zombie (D:11)
  Joseph (D:7)
  6 black mambas
  3 smoke demons
  4 gargoyles
  A torpor snail (Lair:6)
  13 cane toads
  4 kobold demonologists
  Maggie (D:7)
  A freezing wraith (D:14)
  2 rime drakes (Lair:2)
  An unseen horror (D:11)
  A komodo dragon (shapeshifter) (D:15)
  4 tengu conjurers
  6 komodo dragons
  An ancient zyme (Abyss:2)
  7 trolls
  A polar bear (Lair:4)
  A wolf spider simulacrum (D:14)
  6 raiju
  23 dream sheep
  22 blink frogs
  14 slime creatures
  A flying skull (Abyss:2)
  A vampire (D:10)
  2 shadows
  A spriggan (Lair:4)
  56 yaks
  A water elemental (D:13)
  4 wyverns
  6 wraiths
  4 hogs (D:13)
  A golden eye (shapeshifter) (D:14)
  4 basilisks
  A human (D:13)
  8 vampire mosquitoes
  Menkaure (D:6)
  3 swamp worms (Lair:4)
  3 steam dragons
  A warg (Orc:2)
  An acid dragon (D:8)
  16 water moccasins
  4 ice beasts
  41 orc warriors
  2 black bears
  3 sky beasts
  4 necrophages
  12 ogres
  17 wolves
  13 centaurs
  A phantom (D:4)
  8 kobold brigands
  13 bullfrogs
  A gnoll sergeant (D:13)
  An earth elemental (Volcano)
  3 scorpions
  2 small abominations (Abyss:2)
  An elephant simulacrum (Lair:6)
  18 wights
  3 electric eels
  14 howler monkeys
  A bullfrog zombie (D:5)
  2 hounds
  14 jellies
  16 orc priests
  5 iguanas
  34 orc wizards
  7 hell rats (Lair:4)
  4 killer bee zombies
  A hound skeleton (D:5)
  A howler monkey zombie (D:5)
  5 gnolls
  10 adders
  An ufetubus (D:4)
  2 worms (D:4)
  2 dart slugs
  73 orcs
  10 endoplasms
  3 giant cockroaches
  8 hobgoblins
  6 jackals
  A quokka (D:3)
  6 ball pythons
  2 bats
  3 frilled lizards
  13 goblins
  29 kobolds
  A quokka skeleton (D:4)
  4 rats
  2 starspawn tentacles (Abyss:2)
797 creatures vanquished.

Vanquished Creatures (others)
  2 dancing weapons (D:14)
  An ugly thing (D:13)
  A gnoll (D:13)
  An orc (Orc:2)
  43 fungi
  57 plants
  16 starspawn tentacles
  25 withered plants (Lair:6)
146 creatures vanquished.

Grand Total: 943 creatures vanquished

Notes
Turn   | Place    | Note
-------+----------+-------------------------------------------
     0 | D:1      | fragbeetle the Draconian Transmuter began the quest for the
                  | Orb.
     0 | D:1      | Reached XP level 1. HP: 16/16 MP: 3/3
   341 | D:1      | Reached XP level 2. HP: 14/23 MP: 3/5
   509 | D:1      | Found Tiosod's Armour Shoppe.
  1016 | D:1      | Reached XP level 3. HP: 28/28 MP: 6/6
  1020 | D:1      | Learned a level 3 spell: Spider Form
  1667 | D:2      | Found Leheaxyhu's Magic Scroll Shoppe.
  1674 | D:2      | Bought a scroll of identify for 26 gold pieces
  1674 | D:2      | Bought a scroll of teleportation for 39 gold pieces
  1801 | D:2      | Reached skill level 1 in Poison Magic
  1801 | D:2      | Reached XP level 4. HP: 11/36 MP: 7/7
  2312 | D:2      | Identified the +1 robe of Dust Devil {rPois rN+ Stlth+}
  3310 | D:4      | Found a transporter.
  3318 | D:4      | Found a transporter.
  3325 | D:4      | Found a one-way gate to the infinite horrors of the Abyss.
  3325 | D:4      | Noticed Xenoroth's ghost (novice MfIE)
  3325 | D:4      | Noticed a small abomination
  3325 | D:4      | Noticed a scorpion
  3339 | D:4      | Killed a scorpion
  3340 | D:4      | Reached skill level 4 in Unarmed Combat
  3340 | D:4      | Reached XP level 5. HP: 15/41 MP: 8/8
  3641 | D:4      | Noticed a phantom
  3653 | D:4      | Killed a phantom
  3952 | D:4      | Reached XP level 6. HP: 50/50 MP: 7/9
  4103 | D:4      | Noticed an orc warrior
  4128 | D:4      | Killed an orc warrior
  4758 | D:4      | You fall into a shaft and drop 2 floors!
  4768 | D:6      | Found a basalt altar of Yredelemnul.
  4770 | D:6      | Noticed Menkaure
  4799 | D:6      | HP: 2/50 [Menkaure (14)]
  4803 | D:6      | Killed Menkaure
  4804 | D:6      | Your scales start taking on a glossy black colour.
  4804 | D:6      | Reached XP level 7. HP: 3/57 MP: 7/10
  4804 | D:6      | Gained mutation: You are resistant to electric shocks.
                  | (rElec) [Black Draconian growth]
  5175 | D:6      | Reached skill level 5 in Unarmed Combat
  5401 | D:6      | Learned a level 4 spell: Ice Form
  5416 | D:6      | Noticed a two-headed ogre
  5459 | D:6      | Killed a two-headed ogre
  5460 | D:6      | Reached skill level 5 in Transmutations
  5460 | D:6      | Reached skill level 1 in Ice Magic
  5460 | D:6      | Reached XP level 8. HP: 38/66 MP: 11/11
  5706 | D:5      | Entered Level 5 of the Dungeon
  5745 | D:5      | Reached skill level 6 in Unarmed Combat
  5878 | D:5      | Reached skill level 5 in Poison Magic
  5892 | D:5      | Learned a level 3 spell: Mephitic Cloud
  6162 | D:5      | Found Watyzasmon's Assorted Antiques.
  6186 | D:5      | Reached skill level 1 in Air Magic
  6250 | D:5      | Reached XP level 9. HP: 51/72 MP: 10/12
  6700 | D:5      | Found a shimmering altar of Xom.
  7318 | D:6      | Found a staircase to the Ecumenical Temple.
  7325 | Temple   | Entered the Ecumenical Temple
  7546 | Temple   | Became a worshipper of Gozag Ym Sagoz the Greedy
  7672 | D:6      | Reached skill level 5 in Fighting
  7672 | D:6      | Reached skill level 7 in Unarmed Combat
  8009 | D:7      | Reached XP level 10. HP: 81/81 MP: 7/13
  8049 | D:7      | Learned a level 2 spell: Passwall
  8081 | D:7      | Reached skill level 5 in Ice Magic
  8186 | D:7      | Noticed Maggie
  8205 | D:7      | Found a hazy altar of Hepliaklqana.
  8272 | D:7      | Killed Maggie
  8312 | D:7      | Reached skill level 5 in Dodging
  8336 | D:7      | Reached skill level 8 in Unarmed Combat
  8459 | D:7      | Found an iron altar of Okawaru.
  8644 | D:7      | Noticed Joseph
  8660 | D:7      | Killed Joseph
  8728 | D:8      | Found Texaod's Magic Scroll Shoppe.
  8749 | D:8      | Bought a scroll of noise for 13 gold pieces
  8749 | D:8      | Bought a scroll of identify for 26 gold pieces
  9169 | D:8      | Reached skill level 5 in Air Magic
  9169 | D:8      | Reached skill level 1 in Earth Magic
  9414 | D:8      | Reached XP level 11. HP: 89/89 MP: 11/14
  9623 | D:9      | Found Faebabic's Magic Scroll Shop.
  9628 | D:9      | Bought a scroll of enchant armour for 105 gold pieces
  9628 | D:9      | Bought a scroll of magic mapping for 49 gold pieces
 10106 | D:9      | Found a glowing silver altar of Zin.
 10106 | D:9      | Noticed an angel
 10317 | D:9      | Found a sparkling altar of Nemelex Xobeh.
 10338 | D:9      | Found a hide-covered altar of Uskayaw.
 10548 | D:9      | Reached skill level 9 in Unarmed Combat
 10926 | D:10     | Entered Level 10 of the Dungeon
 10951 | D:10     | Noticed a two-headed ogre
 10958 | D:10     | Killed a two-headed ogre
 11057 | D:10     | Noticed a two-headed ogre
 11061 | D:10     | Noticed Snorg
 11076 | D:10     | Killed a two-headed ogre
 11098 | D:10     | Killed Snorg
 12156 | D:11     | Found a staircase to the Orcish Mines.
 12251 | D:11     | Noticed a death yak
 12255 | D:11     | Noticed a death yak
 12344 | D:11     | Found a staircase to the Lair.
 12365 | Lair:1   | Entered Level 1 of the Lair of Beasts
 12393 | D:11     | Noticed a death yak
 12394 | D:11     | Noticed a death yak
 12394 | D:11     | Noticed a death yak
 12411 | D:10     | Killed a death yak
 12584 | D:11     | Noticed a sixfirhy
 12589 | D:10     | Noticed a sixfirhy
 12673 | D:11     | Killed a death yak
 12706 | D:11     | Killed a death yak
 12707 | D:11     | Reached skill level 10 in Unarmed Combat
 12707 | D:11     | Reached XP level 12. HP: 74/100 MP: 12/18
 12788 | D:10     | Killed a death yak
 12854 | D:11     | Killed a death yak
 13392 | D:11     | Noticed a boulder beetle
 14747 | Lair:1   | Bought a pair of encrusted gloves for 256 gold pieces
 14747 | Lair:1   | Identified the +2 pair of gloves of Zenig {Harm Rampage rN+
                  | Stlth-} (You bought it in a shop on level 1 of the Lair of
                  | Beasts)
 15020 | Lair:1   | Learned a level 5 spell: Freezing Cloud
 15104 | Lair:1   | Noticed a boulder beetle
 15123 | Lair:1   | Killed a boulder beetle
 15853 | Lair:1   | Noticed a five-headed hydra
 15860 | Lair:1   | Killed a five-headed hydra
 15905 | Lair:1   | Noticed a six-headed hydra
 15911 | Lair:1   | Killed a six-headed hydra
 16179 | Lair:1   | Reached skill level 5 in Spellcasting
 16382 | Lair:2   | Reached skill level 11 in Unarmed Combat
 16414 | Lair:2   | Found a hole to the Spider Nest.
 16651 | Lair:2   | Noticed a four-headed hydra
 16656 | Lair:2   | Killed a four-headed hydra
 16657 | Lair:2   | Reached XP level 13. HP: 108/108 MP: 10/20
 18103 | Lair:3   | Reached skill level 10 in Air Magic
 18113 | Lair:3   | Reached skill level 10 in Transmutations
 18267 | Lair:1   | Bought a book of Sloth for 468 gold pieces
 18277 | Lair:1   | Learned a level 6 spell: Statue Form
 18859 | Lair:4   | Noticed Josephine
 18897 | Lair:4   | Noticed Sonja
 19161 | Lair:4   | Killed Sonja
 19380 | Lair:4   | Killed Josephine
 19389 | Lair:4   | Reached skill level 12 in Unarmed Combat
 19415 | Lair:4   | Noticed Urug
 19453 | Lair:4   | Killed Urug
 19454 | Lair:4   | Reached skill level 5 in Earth Magic
 19952 | Lair:4   | Gained mutation: Your large and strong wings let you fly.
                  | [Black Draconian growth]
 19952 | Lair:4   | Reached XP level 14. HP: 51/118 MP: 6/23
 20486 | Lair:4   | Found a staircase to the Swamp.
 20903 | Lair:5   | Found a dark tunnel.
 20912 | Volcano  | Entered a volcano
 21369 | Lair:5   | Identified a scroll of acquirement
 21370 | Lair:5   | Acquired the ring "Wunoz" {rCorr Dex+6 Stlth+}
 22293 | Lair:6   | Entered Level 6 of the Lair of Beasts
 23337 | Lair:1   | Bought a potion of degeneration for 12 gold pieces
 23428 | Lair:6   | Found a staircase to the Slime Pits.
 23516 | Lair:6   | Reached skill level 10 in Fighting
 23805 | Lair:6   | Reached skill level 13 in Unarmed Combat
 25347 | Orc:1    | Entered Level 1 of the Orcish Mines
 25719 | Orc:1    | Found Nuxzadgh's Antique Armour Emporium.
 25727 | Orc:1    | Bought a pair of glimmering gloves for 323 gold pieces
 25727 | Orc:1    | Identified the +0 pair of gloves of the Cicada {rPois
                  | Int+3} (You bought it in a shop on level 1 of the Orcish
                  | Mines)
 25852 | Orc:2    | Entered Level 2 of the Orcish Mines
 26588 | Orc:2    | Found Afosmala's Weapon Boutique.
 26649 | Orc:2    | Reached XP level 15. HP: 126/126 MP: 20/25
 26779 | Orc:2    | Found a radiant altar of Vehumet.
 27091 | Orc:2    | Noticed an orc warlord
 27109 | Orc:2    | Cast into level 2 of the Abyss (orc warlord)
 27137 | Abyss:2  | Found a corrupted altar of Lugonu.
 27153 | Abyss:2  | Noticed a tentacled starspawn
 27169 | Abyss:2  | Killed a tentacled starspawn
 27183 | Abyss:2  | Noticed a tentacled starspawn
 27192 | Abyss:2  | Killed a tentacled starspawn
 27207 | Abyss:2  | Noticed a tentacled starspawn
 27222 | Abyss:2  | Killed a tentacled starspawn
 27305 | Orc:2    | Escaped the Abyss
 27587 | Orc:2    | Cast into level 4 of the Abyss (orc warlord)
 27587 | Abyss:4  | Noticed an Executioner
 27587 | Abyss:4  | Noticed a Hell Sentinel
 27587 | Abyss:4  | Found a transporter.
 27590 | Abyss:4  | Killed an Executioner
 27596 | Abyss:4  | Killed a Hell Sentinel
 27599 | Abyss:4  | HP: 4/165 [angel (11)]
 27602 | Abyss:4  | Found a transporter.
 27604 | Abyss:4  | HP: 4/165 [angel (19)]
 27619 | Abyss:5  | Entered Level 5 of the Abyss
 27663 | Abyss:5  | Noticed a lich
 27672 | Abyss:5  | Killed a lich
 27746 | Abyss:5  | Noticed a tentacled starspawn
 27769 | Abyss:5  | Killed a tentacled starspawn
 27782 | Orc:2    | Escaped the Abyss
 27802 | Orc:2    | HP: 3/152 [orc warrior (8)]
 28267 | D:12     | Learned a level 1 spell: Apportation
 28465 | D:12     | Reached skill level 1 in Stealth
 28491 | D:12     | Reached skill level 1 in Translocations
 28505 | D:12     | Found a shimmering altar of Xom.
 28506 | D:12     | Found a shimmering altar of Xom.
 28507 | D:12     | Found a shimmering altar of Xom.
 28508 | D:12     | Found a shimmering altar of Xom.
 28508 | D:12     | Found a shimmering altar of Xom.
 28509 | D:12     | Found a shimmering altar of Xom.
 29818 | Lair:1   | Bought the Catalogue of the Damaging Voyage for 572 gold
                  | pieces
 29825 | Lair:1   | Learned a level 5 spell: Irradiate
 30906 | D:13     | Noticed Erolcha
 30913 | D:13     | Killed Erolcha
 31027 | D:13     | Noticed Kirke
 31035 | D:13     | Killed Kirke
 31999 | D:14     | Found a gate to the Vaults.
 32287 | D:15     | Entered Level 15 of the Dungeon
 32357 | D:15     | Reached skill level 14 in Unarmed Combat
 32771 | D:15     | Found a staircase to the Depths.
 32851 | D:15     | Identified the ring "Riatteell" {Fly rC++ Will+++ Str-3
                  | Stlth+}
 33515 | D:15     | Acquired the Reference Book on Floating Attacks
 33817 | D:15     | Found a shimmering blue altar of Sif Muna.
 34006 | Lair:1   | Bought a wand of digging (7) for 264 gold pieces
 34008 | Lair:1   | Bought a book of the Dragon for 828 gold pieces
 34008 | Lair:1   | Bought an Inescapable Atlas for 612 gold pieces
 34021 | Lair:1   | Learned a level 5 spell: Manifold Assault
 34353 | Orc:2    | Killed an orc warlord
 34354 | Orc:2    | Reached XP level 16. HP: 96/137 MP: 4/26
 34567 | Orc:2    | Found a staircase to the Elven Halls.
 34636 | Orc:2    | Reached skill level 5 in Stealth
 35085 | Orc:2    | Learned a level 7 spell: Dragon Form
 35120 | Orc:2    | Found Asen's General Store.
 35121 | Orc:2    | Found Zafev's Jewellery Boutique.
 35123 | Orc:2    | Found Liadoyg's Antique Armour Shop.
 35123 | Orc:2    | Found Vaug's Antique Weapon Shop.
 35138 | Orc:2    | Bought a scroll of teleportation for 36 gold pieces
 35138 | Orc:2    | Bought a potion of heal wounds for 60 gold pieces
 35289 | Elf:1    | Entered Level 1 of the Elven Halls
 35311 | Orc:2    | Killed from afar by a deep elf knight

Illustrated notes

Levels and vault maps discovered:
D:1:      enne_arrival_octagon_isle, layout_basic, serial_shops,
          nicolae_diamond_shop
D:2:      layout_loops_ring, serial_shops, shop
D:3:      layout_rooms
D:4:      layout_loops_corners, gammafunk_ghost_abyssal_escape,
          guppyfry_early_orc_mine
D:5:      layout_rooms, mainiacjoe_overflow_boulevard, serial_shops,
          nicolae_shop_overgrown_old_shop
D:6:      layout_loops_ring, old_standard_altar, minmay_temple_entry_arrows,
          uniq_menkaure
D:7:      layout_rooms, okawaru_trees_2, mainiacjoe_overflow_paths,
          minmay_manual_monstrance, uniq_maggie, uniq_joseph
D:8:      layout_cave_pools, serial_shops, shop
D:9:      layout_gridville, zin_angel, jmf_multi_god_temple, serial_shops,
          nicolae_shop_statue_plus
D:10:     layout_loops_ring, uniq_snorg
D:11:     layout_stronghold, dpeg_lair_monsters, orc_david_3
D:12:     layout_roguey, xom_redecorated
D:13:     layout_big_octagon, serial_park, serial_park_square3
          [serial_park_minivault_5x5_3], serial_park_tiny_1,
          serial_park_tiny_pond, serial_park_avenue1, uniq_kirke, uniq_erolcha
D:14:     layout_roguey, erik_vaults_1, serial_glass, glass_columns_c,
          glass_columns_a, glass_columns_c
D:15:     grunt_enter_depths_hoard, layout_loops_ring,
          nicolae_sif_muna_little_library
Temple:   regret_index_temple_generic_petals
Lair:1:   layout_loops_ring, nzn_sisyphean_effort
Lair:2:   layout_cave_shapes, nicolae_spider_entry_orb_guardian,
          serial_bayou_shore_a, grunt_megastairs_5
Lair:3:   layout_roguey
Lair:4:   layout_gridlike, nicolae_swamp_entry_splash_gauntlet,
          grunt_forest_large_clearing_hut, uniq_josephine, uniq_sonja, uniq_urug
Lair:5:   beast_lair_carwin_large_1, layout_regular_city,
          nicolae_volcano_entry_lava_flow, serial_bayou_pond_b
Lair:6:   due_jungle_book, layout_regular_city, minmay_slime_entry_jelly_boxes
Orc:1:    layout_caves, serial_shops, shop
Orc:2:    st_orc_congregation, layout_caves, basic_altar, serial_shops,
          nicolae_shop_trees, lemuel_statue_altar
Elf:1:    layout_gridlike, serial_shops, shop_statue, minmay_elf_annihilation

Skill      XL: |  1  2  3  4  5  6  7  8  9 10 11 12 13 14 15 16 |
---------------+-------------------------------------------------+-----
Dodging        | 2 3 4 5 6 7 8 9 |  9.4
Poison Magic   | 1 2 3 4 5 |  5.0
Fighting       | 2 3 4 5 6 7 8 9 10 11 | 11.1
Transmutations | 3 4 5 6 7 8 9 10 11 | 11.7
Unarmed Combat | 4 5 6 7 8 10 11 12 13 14 | 14.3
Ice Magic      | 1 2 4 5 6 7 8 |  8.5
Air Magic      | 1 3 5 7 9 10 11 12 | 12.3
Earth Magic    | 1 2 4 5 6 7 |  7.0
Spellcasting   | 4 5 6 7 |  7.2
Stealth        | 4 5 |  5.0
Translocations | 3 4 |  4.1

Action                   |  1- 3 |  4- 6 |  7- 9 | 10-12 | 13-15 | 16-18 || total
-------------------------+-------+-------+-------+-------+-------+-------++-------
Melee: Unarmed           |    91 |   155 |   197 |   594 |  1117 |   105 ||  2259
       Tailslap          |    11 |    13 |    10 |     3 |   114 |    11 ||   162
       Kick              |    19 |    36 |    23 |     9 |     2 |       ||    89
       Headbutt          |    15 |    19 |    10 |     5 |     2 |       ||    51
       Punch             |     1 |     2 |     7 |     2 |    57 |    10 ||    79
 Cast: Beastly Appendage |    29 |    32 |    15 |     3 |     2 |       ||    81
       Spider Form       |       |     4 |    19 |     1 |       |       ||    24
       Ice Form          |       |       |     1 |    71 |    70 |       ||   142
       Mephitic Cloud    |       |       |     1 |    21 |    10 |       ||    32
       Freezing Cloud    |       |       |       |     6 |    66 |     5 ||    77
       Statue Form       |       |       |       |       |    60 |    10 ||    70
       Passwall          |       |       |       |       |     7 |       ||     7
       Manifold Assault  |       |       |       |       |     3 |     5 ||     8
       Irradiate         |       |       |       |       |     2 |       ||     2
Invok: Call Merchant     |       |       |       |     2 |     3 |       ||     5
       Potion Petition   |       |       |       |       |     1 |       ||     1
 Abil: Breathe Lightning |       |       |     6 |     1 |       |       ||     7
       End Transformatio |       |       |     3 |     2 |     5 |       ||    10
Evoke: Wand              |       |       |       |    19 |    16 |       ||    35
  Use: Scroll            |     1 |     4 |       |    11 |    19 |     2 ||    37
       Potion            |       |     2 |       |     1 |     9 |     1 ||    13
 Stab: Sleeping          |     1 |     2 |     1 |       |     1 |       ||     5
       Paralysed         |       |       |       |    17 |     3 |       ||    20
       Confused          |       |       |       |    14 |    10 |       ||    24
       Distracted        |       |       |       |     1 |    13 |     2 ||    16
       Petrified         |       |       |       |       |     2 |       ||     2
Armor: Skin              |    25 |    30 |    26 |   144 |   381 |    43 ||   649
Dodge: Dodged            |    46 |    89 |   136 |   296 |  1221 |    90 ||  1878

Table legend: (Time is in decaauts)
 A = Elapsed time spent in this place.
 B = Non-inter-level travel time spent in this place.
 C = Inter-level travel time spent in this place.
 D = Time resting spent in this place.
 E = Time spent auto-exploring this place.
 F = Levels seen in this place.
 G = Mean time per level.
                   A        B        C        D        E       F      G
               +--------+--------+--------+--------+--------+-----+--------+
         Total |  35967 |  34517 |   1450 |   9136 |  15027 |  29 | 1240.2 |
       Dungeon |  20990 |  19963 |   1027 |   5470 |   9299 |  15 | 1399.3 |
        Temple |    240 |    221 |     19 |      0 |    195 |   1 |  240.0 |
          Lair |  10402 |   9999 |    403 |   2263 |   4907 |   6 | 1733.7 |
  Orcish Mines |   3678 |   3677 |      1 |   1318 |    625 |   2 | 1839.0 |
   Elven Halls |     19 |     19 |      0 |      0 |      0 |   1 |   19.0 |
         Abyss |    471 |    471 |      0 |     84 |      0 |   3 |  157.0 |
       Volcano |    163 |    163 |      0 |      0 |      0 |   1 |  163.0 |
               +--------+--------+--------+--------+--------+-----+--------+

Top non-repeatable levels by time:
  Lair:6: 2685 daAuts
    D:11: 2364 daAuts
   Orc:2: 2291 daAuts
    D:12: 2213 daAuts
  Lair:1: 2066 daAuts
     D:4: 1907 daAuts
    D:15: 1721 daAuts
  Lair:4: 1700 daAuts
     D:6: 1662 daAuts
    D:10: 1660 daAuts
  Lair:2: 1475 daAuts
   Orc:1: 1386 daAuts
     D:2: 1366 daAuts
  Lair:5: 1335 daAuts
    D:13: 1326 daAuts
